 Dungeon Crawl Stone Soup version 0.25-a0-503-ge281fa673e (webtiles) character file.

Game seed: 4092686276240117891, levelgen mode: deterministic

2098 Eurus the Magician (level 9, -7/69 HPs)
             Began as a Mummy Conjurer on Feb 12, 2020.
             Was an Initiate of Ashenzari.
             Shot with an arrow by a centaur (13 damage)
             ... on level 7 of the Dungeon on Feb 13, 2020.
             The game lasted 00:26:37 (9252 turns).

Eurus the Magician (Mummy Conjurer)                 Turns: 9252, Time: 00:26:38

Health: -7/69      AC:  4    Str: 11    XL:     9   Next: 7%
Magic:  17/20      EV: 12    Int: 19    God:    Ashenzari [......]
Gold:   361        SH:  0    Dex: 13    Spells: 13/23 levels left

rFire    x . .     SeeInvis .   m - +3 hand axe
rCold    + . .     Gourm    .   (no shield)
rNeg     + + +     Faith    .   a - +0 robe
rPois    ∞         Spirit   .   j - +0 helmet
rElec    .         Reflect  .   n - +0 cloak
rCorr    .         Harm     .   (no gloves)
MR       +....                  (no boots)
Stlth    ++........             f - amulet of magic regeneration
HPRegen  0.21/turn              b - +2 ring of intelligence
MPRegen  0.42/turn              l - ring of flight

@: no status effects
A: no food or potions, fire vulnerability, cold resistance 1, negative energy
resistance 3, torment resistance, unbreathing
a: Curse Item, Renounce Religion, Evoke Flight


You were on level 7 of the Dungeon.
You worshipped Ashenzari.
Ashenzari was noncommittal.
You were not hungry.

You visited 2 branches of the dungeon, and saw 8 of its levels.
You also visited: Sewer.

You collected 361 gold pieces.

Inventory:

Hand Weapons
 m - a +3 hand axe (weapon)
Armour
 a - a +0 robe (worn)
 j - a +0 helmet (worn)
 n - a +0 cloak (worn)
Magical Staves
 g - an uncursed staff of cold
Jewellery
 b - a +2 ring of intelligence (left hand)
 f - an amulet of magic regeneration (around neck)
 l - a ring of flight (right hand)
Wands
 i - a wand of polymorph (2)
 o - a wand of digging (11)
Scrolls
 c - 5 scrolls of identify
 d - a scroll of enchant weapon
 e - 2 scrolls of remove curse
 h - 4 scrolls of teleportation
 k - a scroll of immolation


   Skills:
 + Level 5.7 Fighting
 - Level 1.5 Dodging
 - Level 1.5 Stealth
 + Level 7.6 Spellcasting
 + Level 6.2 Conjurations
 + Level 4.4 Translocations


You had 13 spell levels left.
You knew the following spells:

 Your Spells              Type           Power        Failure   Level  Hunger
a - Magic Dart            Conj           ####         1%          1    N/A
b - Searing Ray           Conj           ####..       1%          2    N/A
c - Iskenderun's Mystic   Conj/Tloc      ####....     11%         4    N/A
d - Gell's Gravitas       Tloc           ###.......   4%          3    N/A

Your spell library contained the following spells:

 Spells                   Type           Power        Failure   Level  Hunger
 Apportation              Tloc           ###...       1%          1    N/A
 Dazzling Flash           Conj/Hex       ###...       8%          3    N/A
 Animate Skeleton         Necr           N/A          10%         1    N/A
 Corona                   Hex            #......      10%         1    N/A
 Summon Small Mammal      Summ           #...         10%         1    N/A
 Fulminant Prism          Conj/Hex       ###.......   26%         4    N/A
 Confusing Touch          Hex            #.......     28%         3    N/A
 Petrify                  Tmut/Erth      #.......     67%         4    N/A
 Metabolic Englaciation   Hex/Ice        #.........   95%         5    N/A
 Yara's Violent Unravell  Hex/Tmut       #.........   95%         5    N/A

Dungeon Overview and Level Annotations

Branches:
Dungeon (7/15)             Temple (1/1) D:5           Sewer (visited)

Altars:
Ashenzari
Cheibriados
Dithmenos
Elyvilon
Fedhas
Gozag
Kikubaaqudgha
Makhleb
Okawaru
Qazlal
Ru
Sif Muna
Trog
Uskayaw
Vehumet
Wu Jian
Xom
Yredelemnul
The Shining One

Shops:
D:4 %   D:6 (

Annotations:
D:3 1 transporter, Gargoyl's ghost, weakling CeAK; Ijyb
D:5 1 exclusion
D:6 exclusions: bullfrog and hippogriff


Innate Abilities, Weirdness & Mutations

You do not eat or drink.
Your flesh is vulnerable to fire.
You are immune to poison.
Your flesh is cold resistant. (rC+)
You are immune to negative energy. (rN+++)
You are immune to unholy pain and torment.
You can survive without breathing.


Message History

Confirm with . or Enter, or press ? or * to list all spells.
Aiming: Searing Ray (safe; 1% risk of failure)
Press: ? - help, Shift-Dir - straight line, f - centaur
Aim: a centaur, wielding a +1 shortbow of freezing and quivering 19 arrows The searing ray hits the centaur.
The centaur is moderately wounded. (Press . to maintain the ray.)
The centaur shoots an arrow.
The arrow hits you! The arrow freezes you.
The centaur shoots an arrow.
The arrow hits you!
* * * LOW HITPOINT WARNING * * *
The searing ray hits the centaur.
The centaur is heavily wounded.
The centaur shoots an arrow.
The arrow hits you!
* * * LOW HITPOINT WARNING * * *
The arrow freezes you.
* * * LOW HITPOINT WARNING * * *
The searing ray hits the centaur.
The centaur is severely wounded.
The centaur shoots an arrow.
The arrow hits you!
You die...

...... ##......#
#.........# #..#[)###
#.........#####.##.<#####
#.........##....###......
#........................
...........#.#...........
...........#...>.........
................###......
....c...@......(.........
.......###....#####......
##.#### ...### #......
##...# #...... ..#.#
#...... .###.. ####.## #
... # #.# #.## ##. #.. .
.# #... #... ..#. .##
###.


You could see a centaur.

Vanquished Creatures
  Grinder (D:3)
  Edmund (D:4)
  A water moccasin (D:6)
  Duvessa (D:6)
  An ice beast (D:7)
  2 ogres
  3 bullfrogs
  A big kobold (Sewer)
  Blork the orc (D:4)
  Dowan (D:6)
  A howler monkey (D:5)
  4 hounds
  A gnoll shaman (D:7)
  2 orc priests (D:5)
  Crazy Yiuf (D:4)
  5 orc wizards
  A bullfrog skeleton (D:4)
  2 iguanas
  4 worker ants
  A hound skeleton (D:6)
  Robin (D:3)
  4 gnolls
  4 river rats
  9 adders
  An ooze (D:4)
  An adder zombie (D:6)
  5 worms
  3 dart slugs
  9 leopard geckos
  28 orcs
  A ball python (D:3)
  3 giant cockroaches
  16 goblins
  12 hobgoblins
  3 jackals (D:3)
  11 kobolds
  2 quokkas
  12 bats
  6 frilled lizards
  13 rats
179 creatures vanquished.

Notes
Turn   | Place    | Note
-------+----------+-------------------------------------------
     0 | D:1      | Eurus the Mummy Conjurer began the quest for the Orb.
     0 | D:1      | Reached XP level 1. HP: 13/13 MP: 4/4
   236 | D:1      | Reached XP level 2. HP: 15/20 MP: 5/5
   240 | D:1      | Learned a level 2 spell: Searing Ray
   351 | D:1      | Reached skill level 3 in Spellcasting
   714 | D:1      | Reached skill level 1 in Fighting
  1287 | D:1      | Reached XP level 3. HP: 26/26 MP: 5/7
  1569 | D:2      | Found a radiant altar of Vehumet.
  1811 | D:2      | Found an iron altar of Okawaru.
  1843 | D:2      | You fall into a shaft and drop 1 floor!
  1846 | D:3      | Noticed Grinder
  1851 | D:3      | Paralysed by Grinder for 6 turns
  1858 | D:3      | Noticed Robin
  1977 | D:2      | Found a glowing golden altar of the Shining One.
  2071 | D:2      | Found a shadowy altar of Dithmenos.
  2142 | D:2      | Found a hide-covered altar of Uskayaw.
  2491 | D:3      | Reached XP level 4. HP: 27/32 MP: 5/9
  2502 | D:3      | Learned a level 4 spell: Iskenderun's Mystic Blast
  2539 | D:3      | Found a transporter.
  2542 | D:3      | Noticed Gargoyl's ghost (weakling CeAK)
  2547 | D:3      | Identified the +9 great mace of Anguish {vamp, rElec Int+3
                  | Stlth+}
  2547 | D:3      | Noticed an ogre
  2716 | D:3      | Killed Robin
  2867 | D:3      | Found an ornate altar of the Wu Jian Council.
  3148 | D:3      | Paralysed by Grinder for 5 turns
  3155 | D:3      | Killed Grinder
  3155 | D:3      | Reached skill level 4 in Spellcasting
  3155 | D:3      | Reached skill level 1 in Translocations
  3155 | D:3      | Reached XP level 5. HP: 10/39 MP: 1/11
  3155 | D:3      | Reached XP level 6. HP: 12/46 MP: 1/12
  3465 | D:3      | Noticed Ijyb
  3801 | D:3      | Found a burning altar of Makhleb.
  3801 | D:3      | Noticed a blizzard demon
  4507 | D:4      | Found Nula Cawn's Food Shop.
  4547 | D:4      | Noticed Edmund
  4897 | D:4      | Found a white marble altar of Elyvilon.
  5149 | D:4      | Reached skill level 5 in Spellcasting
  5396 | D:4      | Noticed Blork the orc
  5409 | D:4      | Killed Blork the orc
  5409 | D:4      | Reached XP level 7. HP: 31/52 MP: 4/14
  5575 | D:4      | Reached skill level 5 in Conjurations
  5717 | D:5      | Entered Level 5 of the Dungeon
  5718 | D:5      | Upgraded the game from 0.25-a0-496-g8c4878dea3 to
                  | 0.25-a0-503-ge281fa673e
  6056 | D:5      | Learned a level 3 spell: Gell's Gravitas
  6166 | D:5      | Found a staircase to the Ecumenical Temple.
  6173 | Temple   | Entered the Ecumenical Temple
  6297 | Temple   | Became a worshipper of Ashenzari the Shackled
  6948 | D:4      | Found a runed translucent door.
  6949 | D:4      | Noticed Crazy Yiuf
  6956 | D:4      | Killed Crazy Yiuf
  7032 | D:4      | Killed Edmund
  7032 | D:4      | Reached skill level 6 in Spellcasting
  7032 | D:4      | Reached XP level 8. HP: 26/60 MP: 3/17
  7206 | D:4      | Found a stormy altar of Qazlal.
  7497 | D:6      | Found Quocvagaf's Weapon Boutique.
  7516 | D:6      | Noticed Duvessa
  7543 | D:6      | Noticed Dowan
  7584 | D:6      | Killed Dowan
  7641 | D:6      | Found a glowing drain.
  7654 | Sewer    | Entered a sewer
  7911 | Sewer    | Found a white marble altar of Elyvilon.
  8055 | D:6      | Found a shimmering blue altar of Sif Muna.
  8162 | D:6      | Noticed a hippogriff
  8356 | D:6      | Killed Duvessa
  8356 | D:6      | Reached skill level 5 in Fighting
  8824 | D:7      | Reached skill level 7 in Spellcasting
  9086 | D:7      | Reached XP level 9. HP: 47/69 MP: 2/20
  9252 | D:7      | Shot with an arrow by a centaur

Levels and vault maps discovered:
D:1:      grunt_arrival_crossed_arrows, layout_loops_corners,
          minmay_strange_pillars
D:2:      layout_loops_ring, vehumet_crystals, lemuel_crystal_altar,
          tso_oasis_becter, marbit_many_paths, nicolae_dithmenos_shadow_blocks,
          glass_columns_c, feat_on_display
D:3:      layout_loops_corners, old_standard_altar, gammafunk_ghost_smash,
          makhleb_altar_promises_db, uniq_robin, uniq_ijyb, uniq_grinder
D:4:      layout_cave_pools, old_standard_altar,
          nicolae_qazlal_eye_of_the_storm, serial_shops, shop, minmay_cut_off,
          uniq_edmund, uniq_crazy_yiuf_cottage, uniq_blork_the_orc
D:5:      layout_gridville, minmay_temple_entry_slanted, first_ration,
          chequers_serial_rivers_marsh, item_on_display_a
D:6:      layout_cave_pools, kennysheep_mini_moat, lightli_sewer_entry_pipes,
          serial_shops, shop, uniq_duvessa
D:7:      layout_rooms, nicolae_overflow_crystal_walls
Temple:   nicolae_temple_figure_zero

Skill      XL: |  1  2  3  4  5  6  7  8 |
---------------+-------------------------+-----
Spellcasting   | 3 4 5 6 7 |  7.6
Fighting       | 1 2 3 4 5 |  5.7
Conjurations   | 4 5 6 |  6.2
Translocations | 1 2 3 4 |  4.4
Dodging        | |  1.5
Stealth        | |  1.5

Action                   |  1- 3 |  4- 6 |  7- 9 || total
-------------------------+-------+-------+-------++-------
Melee: Club              |    27 |       |       ||    27
       Short sword       |    14 |       |       ||    14
       Dagger            |     4 |    41 |       ||    45
       Hand axe          |       |       |    46 ||    46
 Cast: Magic Dart        |    89 |    82 |    56 ||   227
       Searing Ray       |     3 |    19 |    54 ||    76
  Use: Scroll            |       |       |     4 ||     4
Armor: Robe              |    28 |    20 |    13 ||    61
Dodge: Dodged            |    60 |    68 |    65 ||   193

Table legend:
 A = Non-vault XP
 B = Vault XP
 C = Vault XP percentage of total XP
 D = Non-vault monster count
 E = Vault monster count
 F = Vault count percentage of total count
                 A         B        C        D         E       F
            +---------+---------+-------+---------+---------+-------
      Total |    1885 |    1113 |  37.1 |     138 |      41 |  22.9
            +---------+---------+-------+---------+---------+-------
        D:1 |      44 |       0 |   0.0 |      26 |       0 |   0.0
        D:2 |      45 |       2 |   4.3 |      21 |       1 |   4.5
        D:3 |      78 |     336 |  81.2 |      21 |      14 |  40.0
        D:4 |     262 |     340 |  56.5 |      25 |       6 |  19.4
        D:5 |     328 |       0 |   0.0 |      15 |       0 |   0.0
        D:6 |     451 |     294 |  39.5 |      10 |      11 |  52.4
        D:7 |     677 |       0 |   0.0 |      20 |       0 |   0.0
      Sewer |       0 |     141 | 100.0 |       0 |       9 | 100.0
            +---------+---------+-------+---------+---------+-------
